 Dungeon Crawl Stone Soup version 0.31-a0-875-g02e7d12df6 (webtiles) character file.

Game seed: 1300880472240587073

2362 randomguy2701 the Thaumaturge (level 9, -8/45 HPs)
             Began as a Deep Elf Conjurer on Oct 7, 2023.
             Was an Initiate of Ashenzari.
             Engulfed by a cloud of steam (10 damage)
             ... on level 7 of the Dungeon on Oct 12, 2023.
             The game lasted 02:16:39 (8267 turns).

randomguy2701 the Thaumaturge (Deep Elf Conjurer)   Turns: 8267, Time: 02:16:39

Health: -8/45      AC:  3    Str:  4    XL:     9   Next: 21%
Magic:  14/25      EV: 13    Int: 32    God:    Ashenzari [......]
Gold:   397        SH:  0    Dex: 15    Spells: 22/29 levels left

rFire   . . .        w - staff of death
rCold   . . .        (no shield)
rNeg    + . .        a - +0 robe
rPois   +            (no helmet)
rElec   .            y - +0 cloak
rCorr   .            (no gloves)
SInv    .            (no boots)
Will    .....        (no amulet)
Stlth   +++          i - +6 ring of intelligence
HPRegen 0.27/turn    t - ring of poison resistance
MPRegen 0.19/turn

%: no passive effects
@: no status effects
A: no striking features
a: Renounce Religion


You were on level 7 of the Dungeon.
You worshipped Ashenzari.
Ashenzari was noncommittal.
You visited 2 branches of the dungeon, and saw 8 of its levels.

You collected 397 gold pieces.

Inventory:

Hand Weapons
 F - a +0 orcbow
Armour
 a - a +0 robe (worn)
 y - a +0 cloak (worn)
Magical Staves
 w - a staff of death (weapon)
Jewellery
 i - a +6 ring of intelligence (left hand)
 t - a ring of poison resistance (right hand)
 x - a ring of protection from cold
 z - a ring of willpower
 B - a +6 ring of dexterity
Wands
 s - a wand of flame (13)
 v - a wand of acid (9)
 G - a wand of mindburst (2)
Scrolls
 c - 2 scrolls of fear {unknown}
 d - 3 scrolls of enchant weapon {unknown}
 e - a scroll of vulnerability {unknown}
 k - 3 scrolls of fog {unknown}
 n - 5 scrolls of identify {unknown}
 o - a scroll of poison {unknown}
 p - 3 scrolls of blinking {unknown}
 q - 2 scrolls of immolation {unknown}
 r - 4 scrolls of teleportation {unknown}
 D - a scroll of silence {unknown}
Potions
 b - a potion of magic
 f - a potion of berserk rage {unknown}
 g - a potion of invisibility {unknown}
 h - 2 potions of curing {unknown}
 j - 3 potions of ambrosia {unknown}
 l - 2 potions of lignification {unknown}
 m - 2 potions of degeneration {unknown}
 u - a potion of heal wounds {unknown}
 A - 3 potions of haste {unknown}
 C - a potion of enlightenment {unknown}
 E - a potion of might {unknown}


   Skills:
 + Level 0.4 Staves
 + Level 4.1 Dodging
 + Level 4.6 Stealth
 + Level 10.9 Spellcasting
 + Level 10.1 Conjurations
 + Level 0.1 Necromancy


You had 22 spell levels left.
You knew the following spells:

 Your Spells              Type           Power      Damage    Failure   Level
a - Magic Dart            Conj           100%       1d8       1%          1
b - Searing Ray           Conj           100%       2d8       1%          2
c - Dispel Undead         Necr           27%        3d13      26%         4

Your spell library contained the following spells:

 Spells                   Type           Power      Damage    Failure   Level
 Kiss of Death            Conj/Necr      100%       2d13      1%          1
 Dazzling Flash           Conj/Hex       100%       N/A       1%          3
 Summon Small Mammal      Summ           68%        N/A       2%          1
 Fulminant Prism          Conj/Hex       25%        3d14      3%          4
 Iskenderun's Mystic Bla  Conj/Tloc      50%        2d11      3%          4
 Sticky Flame             Conj/Fire      50%        2d7       3%          4
 Call Canine Familiar     Summ           17%        N/A       9%          3
 Confusing Touch          Hex            17%        N/A       9%          3
 Ignite Poison            Fire/Tmut/Pois 17%        N/A       9%          3
 Summon Guardian Golem    Hex/Summ       17%        N/A       9%          3
 Ignition                 Fire           8%         3d5       100%        8


Dungeon Overview and Level Annotations

Branches:
Dungeon (7/15)             Temple (1/1) D:7

Altars:
Ashenzari
Cheibriados
Dithmenos
Elyvilon
Fedhas
Gozag
Hepliaklqana
Kikubaaqudgha
Makhleb
Nemelex Xobeh
Okawaru
Ru
Sif Muna
Trog
Uskayaw
Vehumet
Wu Jian
Xom
Yredelemnul
Zin
The Shining One

Annotations:
D:5 1 runed translucent door, Xavori's ghost, novice OpCK


Message History

The steam dragon bites you! The steam dragon claws you.
Casting: Searing Ray (safe; 1% risk of failure)
Confirm with . or Enter, or press ? or * to list all spells.
Aiming: Searing Ray (safe; 1% risk of failure)
Press: ? - help, Shift-Dir - straight line, f/p - steam dragon
Aim: a steam dragon (lightly wounded, 83% to hit)
The searing ray hits the steam dragon!
The steam dragon is heavily wounded. (Press . to maintain the ray.)
The steam dragon breathes steam at you. The ball of steam misses you.
You hear a shout! x2
The searing ray hits the steam dragon but does no damage.
The steam dragon is heavily wounded.
You are engulfed in a cloud of scalding steam.
The steam dragon bites you. The steam dragon closely misses you.
The searing ray hits the steam dragon.
The steam dragon is heavily wounded.
You are engulfed in a cloud of scalding steam.
* * * LOW HITPOINT WARNING * * *
The steam dragon breathes steam at you. The ball of steam misses you.
Casting: Searing Ray (safe; 1% risk of failure)
Confirm with . or Enter, or press ? or * to list all spells.
Restarting spell: Searing Ray (safe; 1% risk of failure)
Press: ? - help, Shift-Dir - straight line, f/p - steam dragon
Aim: a steam dragon (heavily wounded, 83% to hit)
The searing ray hits the steam dragon!
The steam dragon is almost dead. (Press . to maintain the ray.)
You are engulfed in a cloud of scalding steam.
* * * LOW HITPOINT WARNING * * *
The steam dragon bites you.
* * * LOW HITPOINT WARNING * * *
The steam dragon closely misses you.
The searing ray hits the steam dragon.
You kill the steam dragon!
The steam dragon scales are intact enough to wear.
You are engulfed in a cloud of scalding steam.
You die...

#############
#...........#
#...........#
.######...........##
.D....+...........'.
#...###...........##
# #.# #...........##
###[###...........##
#..@.###############
#.#§.# #....<# # #
#§.## #.##### #
#...# #.#..#####
##..# #.#......'
#..# ##'#.######
#..# #....# #
#######..# #....# #
#........####....# #


There were no monsters in sight!

Vanquished Creatures
  Grinder (D:3)
  A steam dragon (D:7)
  4 black bears
  An orc warrior (D:6)
  2 ogres
  A centaur (D:5)
  2 kobold brigands
  2 phantoms
  A bullfrog (D:5)
  3 wights (D:7)
  A howler monkey (D:5)
  A quasit (D:6)
  A jelly (D:7)
  2 hounds (D:6)
  A gnoll bouda (D:5)
  An orc priest (D:6)
  4 sleepcaps
  Natasha (thrice) (D:2)
  4 iguanas
  7 orc wizards
  4 gnolls (D:5)
  10 adders
  3 shadow imps
  2 white imps
  2 worms (D:2)
  5 dart slugs
  19 orcs
  6 bats
  7 endoplasms
  3 giant cockroaches
  A goblin (D:3)
  6 hobgoblins
  21 kobolds
  A quokka (D:1)
  5 ball pythons
  4 frilled lizards
  7 rats
149 creatures vanquished.

Notes
Turn   | Place    | Note
-------+----------+-------------------------------------------
     0 | D:1      | randomguy2701 the Deep Elf Conjurer began the quest for the
                  | Orb.
     0 | D:1      | Reached XP level 1. HP: 10/10 MP: 6/6
     0 | D:1      | Upgraded the game from 0.31-a0-851-g7ff8af7976 to
                  | 0.31-a0-875-g02e7d12df6
   436 | D:1      | Reached XP level 2. HP: 15/15 MP: 4/8
   805 | D:1      | Reached skill level 5 in Conjurations
  1058 | D:1      | Learned a level 2 spell: Searing Ray
  1281 | D:2      | Reached XP level 3. HP: 15/19 MP: 0/9
  1446 | D:2      | Noticed Natasha
  1452 | D:2      | Killed Natasha
  1750 | D:2      | Reached XP level 4. HP: 21/24 MP: 7/11
  1992 | D:2      | Noticed Natasha
  1996 | D:2      | Killed Natasha
  2430 | D:2      | Noticed Natasha
  2435 | D:2      | Killed Natasha
  2436 | D:2      | Reached XP level 5. HP: 17/28 MP: 7/13
  2677 | D:3      | Noticed Grinder
  2727 | D:3      | Killed Grinder
  2728 | D:3      | Reached skill level 5 in Spellcasting
  2728 | D:3      | Reached XP level 6. HP: 26/32 MP: 1/16
  4424 | D:4      | Reached XP level 7. HP: 35/36 MP: 8/19
  4780 | D:5      | Entered Level 5 of the Dungeon
  5303 | D:5      | Reached XP level 8. HP: 28/41 MP: 13/22
  5511 | D:5      | Found a runed translucent door.
  5511 | D:5      | Noticed Xavori's ghost (novice OpCK)
  6690 | D:6      | Reached skill level 10 in Spellcasting
  7708 | D:7      | Found a staircase to the Ecumenical Temple.
  7723 | Temple   | Entered the Ecumenical Temple
  7732 | Temple   | Became a worshipper of Ashenzari the Shackled
  7786 | D:7      | Reached XP level 9. HP: 23/45 MP: 12/25
  7857 | D:7      | Learned a level 4 spell: Dispel Undead
  7933 | D:7      | Reached skill level 10 in Conjurations
  8266 | D:7      | HP: 2/45 [steam dragon (5)]
  8267 | D:7      | Engulfed by a cloud of steam

Illustrated notes

Levels and vault maps discovered:
D:1:      sevenhm_arrival_forest_fort_small_4, layout_loops_corners
D:2:      layout_loops_corners, minmay_pentomino_r4, uniq_natasha
D:3:      layout_loops_cross, uniq_grinder
D:4:      layout_layer_cave
D:5:      layout_basic, hellmonk_ghost_happy_afterlife, st_stairs_5,
          chequers_serial_rivers_small_a
D:6:      layout_cave_pods, serial_demonic, serial_demonic_g, serial_demonic_g,
          serial_demonic_d, serial_demonic_c, minmay_misc_feat_plants,
          kennysheep_path_1
D:7:      layout_basic, minmay_temple_entry_glass, serial_shops,
          nicolae_square_shop
Temple:   grunt_wide_crystal_templ

Skill      XL: |  1  2  3  4  5  6  7  8  9 |
---------------+----------------------------+-----
Conjurations   | 5 6 7 8 9 10 | 10.1
Stealth        | 3 4 |  4.6
Spellcasting   | 4 5 6 8 10 | 10.9
Dodging        | 3 4 |  4.1
Staves         | |  0.4
Necromancy     | |  0.1

Action                     |  1- 3 |  4- 6 |  7- 9 || total
---------------------------+-------+-------+-------++-------
  Melee: Unarmed           |     7 |       |       ||     7
         Staff             |       |       |    14 ||    14
   Cast: Magic Dart        |    71 |   117 |   150 ||   338
         Searing Ray       |       |     6 |    41 ||    47
         Dispel Undead     |       |       |     3 ||     3
 Armour: Robe              |     4 |    14 |    59 ||    77
  Dodge: Dodged            |     1 |     9 |    39 ||    49

Table legend: (Time is in decaauts)
 A = Elapsed time spent in this place.
 B = Non-inter-level travel time spent in this place.
 C = Inter-level travel time spent in this place.
 D = Time resting spent in this place.
 E = Time spent auto-exploring this place.
 F = Levels seen in this place.
 G = Mean time per level.
                   A        B        C        D        E       F      G
               +--------+--------+--------+--------+--------+-----+--------+
         Total |   8280 |   8059 |    221 |     43 |   7144 |   8 | 1035.0 |
       Dungeon |   8261 |   8058 |    203 |     43 |   7144 |   7 | 1180.1 |
        Temple |     18 |      1 |     17 |      0 |      0 |   1 |   18.0 |
               +--------+--------+--------+--------+--------+-----+--------+

Top non-repeatable levels by time:
     D:6: 1487 daAuts
     D:2: 1472 daAuts
     D:5: 1395 daAuts
     D:4: 1356 daAuts
     D:1: 1081 daAuts
     D:3: 872 daAuts
     D:7: 595 daAuts
  Temple: 18 daAuts
